 Dungeon Crawl Stone Soup version 0.27.1 (webtiles) character file.

Game seed: 16646852335999934630

7183 Tinkle the Fighter (level 10, 0/92 HPs)
             Began as a Minotaur Berserker on Aug 30, 2021.
             Was a Priest of Trog.
             Slain by a boulder beetle (21 damage)
             ... on level 8 of the Dungeon.
             The game lasted 00:28:35 (7364 turns).

Tinkle the Fighter (Minotaur Berserker)             Turns: 7364, Time: 00:28:37

Health: 0/92       AC: 19    Str: 24    XL:     10   Next: 86%
Magic:  9/9        EV:  9    Int:  4    God:    Trog [***...]
Gold:   431        SH: 18    Dex: 23    Spells: 9/9 levels left

rFire    . . .     SeeInvis .   r - +4 whip "Rastys Puf" {elec, rElec}
rCold    . . .     Faith    .   e - +0 tower shield
rNeg     . . .     Spirit   .   b - +1 plate armour
rPois    .         Reflect  .   (helmet restricted)
rElec    +         Harm     .   o - +1 cloak
rCorr    .         Rampage  .   (no gloves)
Will     .....                  h - +0 pair of boots
Stlth    ..........             (no amulet)
HPRegen  0.25/turn              s - +6 ring of dexterity
MPRegen  0.11/turn              n - +6 ring of dexterity

@: on berserk cooldown, slowed, very slow
A: horns 2, retaliatory headbutt
a: Renounce Religion, Berserk, Trog's Hand


You were on level 8 of the Dungeon.
You worshipped Trog.
Trog was most pleased with you.
You visited 2 branches of the dungeon, and saw 9 of its levels.

You collected 431 gold pieces.

Inventory:

Hand Weapons
 a - a +1 hand axe
 r - the +4 whip "Rastys Puf" (weapon) {elec, rElec}
   (You found it on level 6 of the Dungeon)

   It occasionally discharges a powerful burst of electricity upon striking a
   foe.
   rElec:     It insulates you from electricity.
 t - a +0 war axe
 u - a +0 vampiric war axe
 w - a +2 hand axe of holy wrath
Missiles
 d - 25 poisoned darts (quivered)
 i - 2 atropa-tipped darts
 l - 2 throwing nets
Armour
 b - a +1 plate armour (worn)
 e - a +0 tower shield (worn)
 h - a +0 pair of boots (worn)
 o - a +1 cloak (worn)
 v - +0 steam dragon scales
Jewellery
 g - a +6 ring of intelligence
 k - a ring of fire
 n - a +6 ring of dexterity (right hand)
 s - a +6 ring of dexterity (left hand)
Scrolls
 m - 3 scrolls of teleportation
 p - 14 scrolls of identify
 q - a scroll of fog
Potions
 c - a potion of berserk rage
 f - a potion of flight
 j - a potion of curing


   Skills:
 + Level 9.7 Fighting
 + Level 9.7 Axes
 + Level 9.4 Armour
 + Level 8.6 Dodging
 + Level 8.7 Shields


You had 9 spell levels left.
You didn't know any spells.
Your spell library was empty.

Dungeon Overview and Level Annotations

Branches:
Dungeon (8/15)             Temple (1/1) D:6            Lair (0/6) D:8

Altars:
Cheibriados
Dithmenos
Elyvilon
Fedhas
Gozag
Kikubaaqudgha
Nemelex Xobeh
Okawaru
Qazlal
Sif Muna
Trog
Uskayaw
Vehumet
Wu Jian
Xom
Yredelemnul
Zin
The Shining One

Annotations:
D:6 3 runed translucent doors, Munclebunn's ghost, amateur MiBe


Innate Abilities, Weirdness & Mutations

You have a pair of horns on your head.
You reflexively headbutt those who attack you in melee.


Message History

The blink frog blinks!
You whack the manticore! Your headbutt misses the manticore.
The manticore is moderately wounded.
The boulder beetle stops rolling and uncurls.
You block the manticore's attack. x2
The manticore claws you but does no damage.
You hit the manticore but do no damage.
Lightning courses through the manticore!
The manticore is heavily wounded.
You block the blink frog's attack. The manticore barely misses you.
You furiously retaliate!
You headbutt the manticore!
The manticore claws you but does no damage. x2
The blink frog hits you but does no damage.
You block the manticore's attack. x3
You hit the manticore. Your headbutt misses the manticore.
The manticore is almost dead.
The blink frog blinks!
The manticore barely misses you. You furiously retaliate!
You headbutt the manticore!
You kill the manticore!
Trog accepts your kill.
You whack the boulder beetle!
You headbutt the boulder beetle, but do no damage.
The boulder beetle is lightly wounded.
You block the boulder beetle's attack.
You hit the boulder beetle.
Lightning courses through the boulder beetle!
You headbutt the boulder beetle.
The boulder beetle is moderately wounded.
You block the boulder beetle's attack.
The blink frog blinks!
The boulder beetle barely misses you. The blink frog hits you.
* * * LOW HITPOINT WARNING * * *
The blink frog blinks!
Damage: -4%(-4hp) hp: 27%(24hp)
You hit the boulder beetle but do no damage.
You headbutt the boulder beetle.
The boulder beetle is moderately wounded.
The boulder beetle bites you.
* * * LOW HITPOINT WARNING * * *
The boulder beetle bites you!!
You die...

#.#..#.#.#.#.#.# ##..(
#...#.#...#.#.# #[...
#...#..###..#.# #}..⌠
#.F#.#.....#.## #(...
#..##.#####.##. #.(.
##.####.....##.. #..
##.###.....###...
#.##)##.###..#####.....
#..(B@###.......##....
################.##...
##.†......###...
#.###########^..
##.........##...
##########.#..#
##.......##...
#.#########.#.
##......##..##


You could see a boulder beetle and a blink frog shaped shifter.

Vanquished Creatures
  4 centaur warriors (D:8)
  A deep elf pyromancer (D:8)
  A manticore (D:8)
  Maggie (D:8)
  A tengu conjurer (D:8)
  Prince Ribbit (D:6)
  3 water moccasins
  3 black bears
  5 ice beasts
  2 necrophages
  An orc warrior (D:4)
  2 centaurs
  An ogre (D:5)
  2 phantoms
  Blork the orc (D:5)
  A kobold brigand (D:6)
  2 bullfrogs
  6 scorpions
  A wyvern zombie (D:7)
  A water moccasin skeleton (D:6)
  A howler monkey (D:6)
  A jelly (D:7)
  3 hounds
  7 orc priests
  Natasha (thrice) (D:3)
  3 orc wizards
  A killer bee zombie (D:7)
  A hound zombie (D:4)
  A howler monkey zombie (D:8)
  4 adders
  A howler monkey skeleton (D:5)
  A white imp (D:7)
  An ufetubus (D:6)
  4 dart slugs
  7 orcs
  8 bats
  4 endoplasms
  A giant cockroach (D:3)
  6 goblins
  8 hobgoblins
  3 quokkas
  11 ball pythons
  4 frilled lizards
  7 kobolds
  4 rats
135 creatures vanquished.

Notes
Turn   | Place    | Note
-------+----------+-------------------------------------------
     0 | D:1      | Tinkle the Minotaur Berserker began the quest for the Orb.
     0 | D:1      | Reached XP level 1. HP: 19/19 MP: 0/0
    14 | D:1      | Huge Dmg: 5 dmg
    23 | D:1      | Reached XP level 2. HP: 26/27 MP: 1/1
    34 | D:1      | Huge Dmg: 8 dmg
   396 | D:1      | Found a faded altar of an unknown god.
   410 | D:1      | Reached XP level 3. HP: 28/33 MP: 2/2
   654 | D:1      | Huge Dmg: 7 dmg
   659 | D:1      | Huge Dmg: 6 dmg
   659 | D:1      | Reached ** piety under Trog
  1851 | D:3      | Reached XP level 4. HP: 40/40 MP: 3/3
  1863 | D:3      | Noticed Natasha
  1867 | D:3      | Killed Natasha
  1869 | D:3      | Reached skill level 1 in Shields
  1874 | D:3      | Huge Dmg: 20 dmg
  2054 | D:3      | Found a basalt altar of Yredelemnul.
  2064 | D:3      | Found an ornate altar of the Wu Jian Council.
  2108 | D:3      | Noticed Natasha
  2119 | D:3      | Killed Natasha
  2123 | D:3      | Huge Dmg: 14 dmg
  2345 | D:3      | Noticed Natasha
  2359 | D:3      | Killed Natasha
  2360 | D:3      | Reached XP level 5. HP: 34/47 MP: 4/4
  2587 | D:4      | Noticed an orc warrior
  2592 | D:4      | Huge Dmg: 11 dmg
  2592 | D:4      | Killed an orc warrior
  2593 | D:4      | Reached skill level 5 in Fighting
  2593 | D:4      | Reached skill level 5 in Axes
  2593 | D:4      | Reached XP level 6. HP: 41/56 MP: 5/5
  2602 | D:4      | Huge Dmg: 14 dmg
  3000 | D:4      | Huge Dmg: 13 dmg
  3051 | D:4      | Reached XP level 7. HP: 61/61 MP: 6/6
  3056 | D:4      | Huge Dmg: 30 dmg
  3200 | D:4      | Found a glowing silver altar of Zin.
  3535 | D:4      | Found a blossoming altar of Fedhas.
  3580 | D:5      | Entered Level 5 of the Dungeon
  3622 | D:5      | Reached skill level 5 in Armour
  3719 | D:5      | Huge Dmg: 19 dmg
  4103 | D:5      | Reached skill level 5 in Dodging
  4186 | D:5      | Reached XP level 8. HP: 68/70 MP: 7/7
  4226 | D:5      | Noticed Blork the orc
  4236 | D:5      | Killed Blork the orc
  4241 | D:5      | Huge Dmg: 33 dmg
  4466 | D:5      | Found a sparkling altar of Nemelex Xobeh.
  4811 | D:6      | Found a staircase to the Ecumenical Temple.
  4909 | D:6      | Found a radiant altar of Vehumet.
  4923 | D:6      | Reached *** piety under Trog
  5133 | D:6      | Noticed Prince Ribbit
  5140 | D:6      | Reached skill level 5 in Shields
  5163 | D:6      | Huge Dmg: 27 dmg
  5173 | D:6      | Huge Dmg: 12 dmg
  5178 | D:6      | Killed Prince Ribbit
  5286 | D:6      | Found a runed translucent gate.
  5287 | D:6      | Found a runed translucent gate.
  5288 | D:6      | Found a runed translucent gate.
  5393 | D:6      | Identified the +4 whip "Rastys Puf" {elec, rElec}
  5494 | D:6      | Noticed Munclebunn's ghost (amateur MiBe)
  5525 | Temple   | Entered the Ecumenical Temple
  5749 | D:6      | Found a bloodstained altar of Trog.
  5771 | D:6      | Reached XP level 9. HP: 79/79 MP: 8/8
  6896 | D:7      | Identified the +2 robe "Geqiwiw" {Int+2}
  7066 | D:8      | Noticed Maggie
  7085 | D:8      | Killed Maggie
  7090 | D:8      | Huge Dmg: 36 dmg
  7159 | D:8      | Found a hide-covered altar of Uskayaw.
  7159 | D:8      | Noticed a +0 hand axe
  7159 | D:8      | Noticed a +0 dagger
  7201 | D:8      | Found a staircase to the Lair.
  7319 | D:8      | Noticed a centaur warrior
  7324 | D:8      | Noticed a deep elf pyromancer
  7326 | D:8      | Noticed a centaur warrior
  7326 | D:8      | Noticed a centaur warrior
  7326 | D:8      | Noticed a tengu conjurer
  7327 | D:8      | Noticed a boulder beetle
  7329 | D:8      | Killed a centaur warrior
  7330 | D:8      | Reached XP level 10. HP: 90/90 MP: 9/9
  7335 | D:8      | Killed a deep elf pyromancer
  7339 | D:8      | Killed a centaur warrior
  7340 | D:8      | Noticed a centaur warrior
  7341 | D:8      | Killed a centaur warrior
  7342 | D:8      | Noticed a manticore
  7346 | D:8      | Huge Dmg: 29 dmg
  7346 | D:8      | Noticed a harpy
  7346 | D:8      | a blink frog changed into a harpy
  7347 | D:8      | Killed a centaur warrior
  7357 | D:8      | a harpy changed into a blink frog
  7361 | D:8      | Killed a manticore
  7364 | D:8      | Slain by a boulder beetle

Illustrated notes

Levels and vault maps discovered:
D:1:      amcnicky_arrival_single_pillar, layout_rooms,
          ebering_ecumenical_altar_abandoned
D:2:      layout_rooms, grunt_ministairs_13
D:3:      layout_loops_ring, amethyst_overflow_temple_binary, st_stairs_3,
          uniq_natasha
D:4:      layout_loops_ring, nicolae_overflow_crystal_walls, kennysheep_mini
D:5:      layout_rooms, nemelex_diamond_rough_becter, dk_noncrumbling_2,
          uniq_blork_the_orc
D:6:      layout_cave_pods, lemuel_doored_altar, trog_ov_bears_minmay,
          minmay_temple_entry_arrows, gammafunk_ghost_nasty_kobolds,
          glass_columns_c, uniq_prince_ribbit1
D:7:      layout_basic
D:8:      minmay_the_grid_octo_triangle [minmay_the_grid_octo_concentric,
          minmay_the_grid_octo_prize_big_c, minmay_the_grid_octo_toaster],
          layout_cave_pools, gammafunk_temple_overflow_claw,
          dancing_weapons_uskayaw, lair_entry_dummy, kennysheep_nondescript,
          the_hattery, uniq_maggie
Temple:   chequers_temple_sunken

Skill      XL: |  1  2  3  4  5  6  7  8  9 10 |
---------------+-------------------------------+-----
Fighting       | 4 5 6 7 8 9 |  9.7
Axes           | 4 5 6 7 8 9 |  9.7
Armour         | 3 4 5 6 8 9 |  9.4
Dodging        | 3 4 5 6 7 8 |  8.6
Shields        | 1 2 3 4 5 7 8 |  8.7

Action                   |  1- 3 |  4- 6 |  7- 9 | 10-12 || total
-------------------------+-------+-------+-------+-------++-------
Melee: Hand axe          |    90 |    50 |   113 |       ||   253
       Headbutt          |    17 |    13 |    68 |    17 ||   115
       Whip              |       |       |    89 |    31 ||   120
Throw: Dart              |       |     7 |    26 |     1 ||    34
Invok: Berserk           |     1 |     4 |     5 |       ||    10
       Trog's Hand       |       |     4 |     2 |       ||     6
  Use: Scroll            |     3 |     7 |     4 |       ||    14
       Potion            |       |       |       |     1 ||     1
 Stab: Sleeping          |     1 |       |       |       ||     1
Armor: Animal skin       |     4 |       |       |       ||     4
       Ring mail         |     7 |       |       |       ||     7
       Plate armour      |    14 |    28 |    92 |    21 ||   155
Dodge: Dodged            |    53 |     6 |    33 |    12 ||   104
Block: Tower shield      |    10 |    35 |   177 |    34 ||   256
